 Dungeon Crawl Stone Soup version 0.31.0-11-ge490571c62 (webtiles) character file.

Game seed: 12753047714356010469

14 booth the Chopper (level 2, -1/27 HPs)
             Began as a Hill Orc Monk on Feb 4, 2024.
             Slain by a gnoll
             ... wielding a +4 halberd
              (15 damage)
             ... on level 2 of the Dungeon.
             The game lasted 00:04:44 (1097 turns).

booth the Chopper (Hill Orc Monk)                   Turns: 1097, Time: 00:04:44

Health: -1/27      AC:  3    Str: 13    XL:     2   Next: 41%
Magic:  2/2        EV: 12    Int: 10    God:
Gold:   134        SH:  0    Dex: 13    Spells: 1/1 levels left

rFire   . . .        a - +0 hand axe
rCold   . . .        d - orb {light}
rNeg    . . .        b - +0 robe
rPois   .            (no helmet)
rElec   .            (no cloak)
rCorr   .            (no gloves)
SInv    .            g - +0 pair of boots
Will    .....        (no amulet)
Stlth   +            (no ring)
HPRegen 0.24/turn    (no ring)
MPRegen 0.08/turn

%: no passive effects
@: glowing
A: no striking features
a: no special abilities


You were on level 2 of the Dungeon.
You visited 1 branch of the dungeon, and saw 2 of its levels.

You collected 134 gold pieces.

Inventory:

Hand Weapons
 a - a +0 hand axe (weapon)
Armour
 b - a +0 robe (worn)
 d - an orb of light (worn)
 g - a +0 pair of boots (worn)
 h - a +0 scale mail
Scrolls
 e - a scroll of identify
 f - a scroll of blinking
 j - a scroll of teleportation {unknown}
Potions
 c - 3 potions of ambrosia
 i - a potion of lignification


   Skills:
 + Level 3.9 Fighting
 * Level 4.5 Axes
 + Level 0.0 Armour
 - Level 2.4 Dodging
 + Level 1.0 Invocations


You had one spell level left.
You didn't know any spells.
Your spell library contained the following spells:

 Spells                   Type           Power      Damage    Failure   Level
 Foxfire                  Conj/Fire      0%         2x1d4     36%         1
 Sandblast                Erth           0%         2d4       36%         1
 Momentum Strike          Conj/Tloc      0%         3d8       50%         2
 Passwall                 Erth           0%         N/A       75%         3
 Stone Arrow              Conj/Erth      0%         3d7       75%         3
 Brom's Barrelling Bould  Conj/Erth      0%         2d3       98%         4
 Death Channel            Necr           0%         N/A       100%        6
 Starburst                Conj/Fire      0%         6d3       100%        6


Dungeon Overview and Level Annotations

Branches:
Dungeon (2/15)

Altars:


Message History

i - a potion of lignification
As you read the scroll of identify, it crumbles to dust.
f - a scroll of blinking You climb downwards.
There is a stone staircase leading up here.
You see here 2 stones.
Found a spear.
c - 3 potions of ambrosia (gained 2)
You see here 2 stones.
There is a stone staircase leading up here.
A goblin comes into view. It is wielding a +0 club.
j - a scroll labelled ULIHUTRECUA You hit the goblin.
The goblin is heavily wounded.
The goblin barely misses you.
You hit the goblin.
You kill the goblin!
Things that are here:
a +0 club; a goblin corpse 3 gnolls come into view.
The gnoll shouts! x3; You hear a shout!
A gnoll comes into view. It is wielding a +0 whip.
The gnoll shouts!
You hear a shout!
The gnoll attacks as it pursues you! The gnoll closely misses you.
You hit the gnoll.
The gnoll is moderately wounded.
The gnoll closely misses you.
You hit the gnoll but do no damage.
The gnoll is moderately wounded.
The gnoll barely misses you.
You barely miss the gnoll.
The gnoll is moderately wounded.
The gnoll hits you from afar with a +4 halberd!
You hit the gnoll.
The gnoll is heavily wounded.
The gnoll barely misses you. The gnoll closely misses you.
The gnoll hits you with a +0 whip. The gnoll hits you with a +4 halberd!
Ouch! That really hurt!
You die...

##### ### #...#
#.######.#.#
#g.g..##.#g####
#.##...g.#gg@.#
####.##.g####.##g#
#....#...#######.#
#.#..............#
gg
#.##..########## g
#.##...###<...#
#.#....)..#.#.#
..#..#.##.#.#)#
..........#(#.#


You could see 4 gnolls.

Vanquished Creatures
  A dart slug (D:1)
  2 goblins
  A quokka (D:1)
  4 bats (D:1)
  A frilled lizard (D:1)
  2 kobolds (D:1)
  2 rats (D:1)
13 creatures vanquished.

Notes
Turn   | Place    | Note
-------+----------+-------------------------------------------
     0 | D:1      | booth the Hill Orc Monk began the quest for the Orb.
     0 | D:1      | Reached XP level 1. HP: 19/19 MP: 1/1
   265 | D:1      | Got the Catalogue of Destiny
   465 | D:1      | Reached XP level 2. HP: 23/27 MP: 2/2
   896 | D:1      | Reached skill level 1 in Invocations
  1097 | D:2      | Slain by a gnoll

Illustrated notes

Levels and vault maps discovered:
D:1:      minmay_arrival_widening_spiral_narrow, layout_basic, serial_bayou,
          serial_bayou_pond_d, serial_bayou_pond_d, serial_bayou_crossing,
          serial_bayou_pond_c, hex_large, columned_hall_lemuel
D:2:      layout_basic, guppyfry_early_lair_pool, uniq_natasha

Skill      XL: |  1  2 |
---------------+-------+-----
Invocations    | 1 |  1.0
Fighting       | |  3.9
Axes           | |  4.5
Dodging        | |  2.4

Action                     || total
---------------------------++-------
  Melee: Hand axe          ||    33
    Use: Scroll            ||     2
 Armour: Robe              ||    25
  Dodge: Dodged            ||    36
